 Dungeon Crawl Stone Soup version 0.31.0-32-g396128a36d (webtiles) character file.

Game seed: 10330426511428600959

57 firemarshallily the Sneak (level 3, 0/29 HPs)
             Began as a Demigod Brigand on Apr 17, 2024.
             Succumbed to an adder's poison
             ... on level 2 of the Dungeon.
             The game lasted 00:02:19 (1055 turns).

firemarshallily the Sneak (Demigod Brigand)         Turns: 1055, Time: 00:02:19

Health: 0/29       AC:  3    Str: 11    XL:     3   Next: 50%
Magic:  5/5        EV: 12    Int: 12    God:
Gold:   47         SH:  0    Dex: 23    Spells: 2/2 levels left

rFire   . . .        a - +2 dagger (flame)
rCold   . . .        (no shield)
rNeg    . . .        b - +0 robe
rPois   .            (no helmet)
rElec   .            c - +0 cloak
rCorr   .            (no gloves)
SInv    +            (no boots)
Will    .....        i - amulet of magic regeneration
Stlth   +++          (no ring)
HPRegen 0.24/turn    (no ring)
MPRegen 0.49/turn

%: no passive effects
@: lethally poisoned (0 -> -2), weak-willed
A: high MP 1, forlorn, divine attributes, see invisible, agile 1
a: no special abilities


You were on level 2 of the Dungeon.
You visited 1 branch of the dungeon, and saw 2 of its levels.

You collected 47 gold pieces.

Inventory:

Hand Weapons
 a - a +2 dagger of flaming (weapon)
Missiles
 d - 15 poisoned darts (quivered)
 e - 3 curare-tipped darts
Armour
 b - a +0 robe (worn)
 c - a +0 cloak (worn)
Jewellery
 i - an amulet of magic regeneration (around neck)
Scrolls
 k - a scroll of summoning {unknown}
 l - a scroll of identify {unknown}


   Skills:
 + Level 2.2 Fighting
 * Level 2.7 Short Blades
 - Level 1.7 Throwing
 - Level 0.8 Dodging
 * Level 4.3 Stealth


You had 2 spell levels left.
You didn't know any spells.
Your spell library was empty.

Dungeon Overview and Level Annotations

Branches:
Dungeon (2/15)


Innate Abilities, Weirdness & Mutations

You have an increased reservoir of magic. (+10% MP)
You shall have no god before yourself.
Your divine heritage dramatically boosts your attributes as you level up.
You have supernaturally acute eyesight. (SInv)
You are agile. (Dex +4, Str/Int -1)


Message History

You feel very sick. The adder bites you. The adder barely misses you.
Unknown command.
It was a potion of mutation.
You feel extremely strange.
Your vision sharpens.
You feel agile.
* * * LOW HITPOINT WARNING * * *
You feel sick. The adder barely misses you.
You barely miss the adder.
The adder is almost dead.
* * * LOW HITPOINT WARNING * * *
You feel sick. The adder bites you but does no damage.
Unknown command.
You hit the adder.
You kill the adder!
* * * LOW HITPOINT WARNING * * *
You feel sick. The bat closely misses you.
Unknown command.
* * * LOW HITPOINT WARNING * * *
You feel sick. The bat hits you but does no damage.
As you read the scroll labelled QEXUOTHR FOHO, it crumbles to dust.
A wave of despondency washes over your surroundings.
It was a scroll of vulnerability.
* * * LOW HITPOINT WARNING * * *
You feel sick. The bat barely misses you. The bat closely misses you.
As you read the scroll labelled WACIUS HIKAU, it dissolves into smoke.
It was a scroll of fog.
* * * LOW HITPOINT WARNING * * *
You feel sick. The bat hits you.
* * * LOW HITPOINT WARNING * * *
The rat closely misses you.
As you read the scroll labelled JOLITH UROZIYSOSH, it crumbles to dust.
You assume a fearsome visage.
The bat looks frightened!
The rat looks frightened!
It was a scroll of fear.
* * * LOW HITPOINT WARNING * * *
You feel sick.
As you read the scroll labelled EJIASIOTAY, it crumbles to dust.
It is a scroll of brand weapon.
Your +2 dagger is engulfed in flames!
a - a +2 dagger of flaming (weapon)
You die...

#. .# #.##>##
.....## #
#.......#......# #
#....##........# #
#.... #........####
... #............
##r####.........###
#§§§§...........###
#§@####.........##.
#§§§§##............
#§##§##.####.##....
#.##.##<.....####..
#.......##.....##..
####.##.##.#.#.##..
#..>....#.#.....
####.####......#
#......######


You could see a rat (fleeing, weak-willed).

Vanquished Creatures
  2 adders (D:2)
  3 dart slugs
  3 bats (D:1)
  4 endoplasms
  A giant cockroach (D:1)
  3 goblins (D:1)
  A hobgoblin (D:1)
  3 kobolds (D:1)
  3 quokkas
  4 ball pythons (D:1)
  2 frilled lizards (D:1)
  2 rats
31 creatures vanquished.

Notes
Turn   | Place    | Note
-------+----------+-------------------------------------------
     0 | D:1      | firemarshallily the Demigod Brigand began the quest for the
                  | Orb.
     0 | D:1      | Reached XP level 1. HP: 17/17 MP: 3/3
   147 | D:1      | Reached XP level 2. HP: 11/24 MP: 4/4
   357 | D:1      | Reached skill level 4 in Stealth
   908 | D:2      | HP: 1/24 [frozen (4)]
   909 | D:2      | Reached XP level 3. HP: 1/29 MP: 5/5
  1048 | D:2      | Gained mutation: You have supernaturally acute eyesight.
                  | (SInv) [potion of mutation]
  1048 | D:2      | Gained mutation: You are agile. (Dex +4, Str/Int -1)
                  | [potion of mutation]
  1053 | D:2      | HP: 1/29 [bat (1)]
  1055 | D:2      | Succumbed to an adder's poison

Illustrated notes

Levels and vault maps discovered:
D:1:      dpeg_arrival_chambers_temple_mockup, layout_loops_ring
D:2:      layout_loops_cross

Skill      XL: |  1  2 |
---------------+-------+-----
Short Blades   | 2 |  2.7
Fighting       | 2 |  2.2
Stealth        | 4 |  4.3
Throwing       | |  1.7
Dodging        | |  0.8

Action                     || total
---------------------------++-------
  Melee: Dagger            ||    96
    Use: Scroll            ||     4
         Potion            ||     2
   Stab: Sleeping          ||     8
 Armour: Robe              ||    60
  Dodge: Dodged            ||    45
